 Dungeon Crawl Stone Soup version 0.28.0-49-g6dfe1f597d (webtiles) character file.

Game seed: 17288953279625973957

15 Gabide the Poker (level 2, 24/24 HPs)
             Began as a Human Monk on May 17, 2022.
             Was an Initiate of Ashenzari.
             Got out of the dungeon alive.
             The game lasted 00:01:30 (941 turns).

Gabide the Poker (Human Monk)                        Turns: 941, Time: 00:01:30

Health: 24/24      AC:  2    Str: 11    XL:     2   Next: 65%
Magic:  2/2        EV: 13    Int: 10    God:    Ashenzari [......]
Gold:   18         SH:  0    Dex: 15    Spells: 1/1 levels left

rFire   . . .      SeeInvis .   a - +0 spear
rCold   . . .      Faith    .   (no shield)
rNeg    . . .      Spirit   .   b - +0 robe
rPois   .          Reflect  .   (no helmet)
rElec   .          Harm     .   (no cloak)
rCorr   .          Rampage  .   (no gloves)
Will    .....                   (no boots)
Stlth   ++........              (no amulet)
HPRegen 0.08/turn               (no ring)
MPRegen 0.08/turn               (no ring)

@: no status effects
A: no striking features
a: Renounce Religion, Curse Item


You escaped.
You worshipped Ashenzari.
Ashenzari was noncommittal.
You visited 1 branch of the dungeon, and saw 1 of its levels.

You collected 18 gold pieces.

Inventory:

Hand Weapons
 a - a +0 spear (weapon)
Armour
 b - a +0 robe (worn)
Scrolls
 d - a scroll of noise {unknown}
Potions
 c - a potion of ambrosia
 e - a potion of invisibility {unknown}


   Skills:
 - Level 3.0 Fighting
 + Level 3.8 Polearms
 - Level 3.0 Dodging
 - Level 2.0 Stealth


You had one spell level left.
You didn't know any spells.
Your spell library was empty.

Dungeon Overview and Level Annotations

Branches:
Dungeon (1/15)

Altars:
Ashenzari


Message History

The quokka bites you but does no damage.
You hit the quokka.
You kill the quokka!
You hit the endoplasm.
The endoplasm is almost dead.
The endoplasm hits you.
You hit the endoplasm but do no damage.
The endoplasm is almost dead.
The endoplasm hits you.
You hit the endoplasm.
You kill the endoplasm!
No target in view!
No target in view!
No target in view!
No target in view!
No target in view!
No target in view!
No target in view!
No target in view!
No target in view!
No target in view!
No target in view!
e - a dark potion
Found a faded altar of an unknown god.
A kobold comes into view. It is wielding a +0 club.
A kobold is nearby!
There is a faded altar of an unknown god here.
You cannot tell which god this altar belongs to.
Convert to them anyway?
Ashenzari accepts your prayer! Ashenzari welcomes you!
Ashenzari invites you to partake of a vision and a curse of beguiling and alchemy.
Ashenzari warns you of distant threats and treasures.
Ashenzari reveals the structure of the dungeon to you.
Ashenzari shows you where magical portals lie.
Really renounce your faith, foregoing its fabulous benefits?
Okay, then.
Unknown command.
Press < or > to pray at altars.
Ashenzari invites you to partake of a vision and a curse of beguiling and companions.
There is a staircase leading out of the dungeon here.
Are you sure you want to leave the Dungeon?
This will make you lose the game!
You have escaped!

##.......#.#.#.#.#
.#.........#.....#.#
#..#.....#..##.....#
#..##...##.......###
....###.###......#####
.###.##.##.###.......+
.. #.#.#.###...######
....###.#.###....#
#......#@#.......#
#########. ##.#.###....#
........#.
##.#.#.###...##### ....#
#...###.##.##.###......#
## ....###).....## .#
#.....###.# #.
......#.###..# ..
#..#### #.# #.
....#†#.###..# .. #..#
#.# #.
....#.#....#......... #
###.# #.
.........#.###########
###...###.


There were no monsters in sight!

Vanquished Creatures
  An endoplasm (D:1)
  5 jackals (D:1)
  2 kobolds (D:1)
  A quokka (D:1)
  2 ball pythons (D:1)
  2 rats (D:1)
13 creatures vanquished.

Notes
Turn   | Place    | Note
-------+----------+-------------------------------------------
     0 | D:1      | Gabide the Human Monk began the quest for the Orb.
     0 | D:1      | Reached XP level 1. HP: 18/18 MP: 1/1
   128 | D:1      | Reached XP level 2. HP: 12/24 MP: 2/2
   886 | D:1      | Found a faded altar of an unknown god.
   913 | D:1      | Prayed at the altar of an unknown god.
   913 | D:1      | Became a worshipper of Ashenzari the Shackled
   941 | D:$      | Got out of the dungeon alive.

Illustrated notes

Levels and vault maps discovered:
D:1:      roderic_crossed_star, layout_basic,
          shapermc_ecumenical_altar_mp_urbaneastern

Action                   || total
-------------------------++-------
Melee: Spear             ||    56
  Use: Potion            ||     1
 Stab: Sleeping          ||     2
Armor: Robe              ||     2
Dodge: Dodged            ||    35
